 Dungeon Crawl Stone Soup version 0.21-a0-286-g6fcecc0 (webtiles) character file.

44 Ijustatesigmund the Skirmisher (level 3, 0/26 HPs)
             Began as an Octopode Fighter on Sept 28, 2017.
             Succumbed to an adder's poison
             ... on level 2 of the Dungeon.
             The game lasted 00:01:25 (945 turns).

Ijustatesigmund the Skirmisher (Octopode Fighter)    Turns: 945, Time: 00:01:26

Health: 0/26       AC:  1    Str: 20    XL:     3   Next: 62%
Magic:  3/3        EV: 12    Int:  8    God:
Gold:   46         SH:  9    Dex: 14    Spells: 2/2 levels left

rFire    . . .     SeeInvis .   a - +0 flail
rCold    . . .     Gourm    .   b - +0 shield
rNeg     . . .     Faith    .   (helmet restricted)
rPois    +         Spirit   .   (no amulet)
rElec    .         Reflect  .   g - ring of poison resistance
rCorr    .         Harm     .   (no ring)
MR       .....     Rnd*Tele +   (no ring)
Stlth    ++........             (no ring)
HPRegen  0.08/turn              (no ring)
MPRegen  0.08/turn              (no ring)
                                (no ring)
                                (no ring)

@: mighty, lethally poisoned (0 -> -4)
A: almost no armour, stealthy swim, amphibious, 8 rings, constrict 8, camouflage
1, agile 1, dopey 1, teleportitis 1, gelatinous body 1, evolution 1
a: no special abilities


You were on level 2 of the Dungeon.
You were not hungry.

You visited 1 branch of the dungeon, and saw 2 of its levels.

You collected 46 gold pieces.

Inventory:

Hand Weapons
 a - a +0 flail (weapon)
Missiles
 e - 5 tomahawks (quivered)
Armour
 b - a +0 shield (worn)
Jewellery
 g - a ring of poison resistance (left tentacle)
Comestibles
 d - 2 bread rations
 f - a royal jelly
 h - 2 meat rations
 j - 4 fruits


   Skills:
 + Level 3.4 Fighting
 * Level 3.4 Maces & Flails
 - Level 3.0 Dodging
 - Level 3.0 Shields


You had 2 spell levels left.
You didn't know any spells.

Dungeon Overview and Level Annotations

Branches:
Dungeon (2/15)

Altars:


Innate Abilities, Weirdness & Mutations

You cannot wear most types of armour.
You are very stealthy in the water. (Stealth+)
You are amphibious.
You can wear up to eight rings at the same time.
You can use your tentacles to constrict eight enemies at once.
Your skin changes colour to match your surroundings (Stealth+).
Your rubbery body absorbs attacks. (AC +1, EV +1)
You are agile. (Dex +2)
You are dopey. (Int -2)
You are occasionally teleported next to monsters.
You evolve.


Message History

You feel sick. The adder misses you. You block the adder's attack.
You miss the adder. Your grab misses the adder.
The adder is lightly wounded.
The adder bites you.
* * * LOW HITPOINT WARNING * * *
Your shield prevents you from hitting the adder.
Your grab misses the adder.
The adder is lightly wounded.
* * * LOW HITPOINT WARNING * * *
You feel sick. The adder bites you.
* * * LOW HITPOINT WARNING * * *
The adder completely misses you.
It was a potion of mutation.
You feel extremely strange.
You feel stupid.
You feel weirdly uncertain.
You feel agile.
You feel nature experimenting on you.
Don't worry, failures die fast.
You block the adder's attack. The adder closely misses you.
Sorry, you're not good enough to have a special ability.
You sock the adder!
You kill the adder!
You die...

. .. r. .. . #
.#
....#.#####.###
#.....@.<....#
......##....#.#
...## ...#### .
#..## #.. #..
... ....


There were no monsters in sight!

Vanquished Creatures
  A gnoll (D:1)
  An adder (D:2)
  A worm (D:1)
  3 bats (D:1)
  3 hobgoblins (D:1)
  2 frilled lizards (D:1)
  5 goblins (D:1)
  4 kobolds (D:1)
  6 rats (D:1)
26 creatures vanquished.

Notes
Turn   | Place    | Note
-------+----------+-------------------------------------------
     0 | D:1      | Ijustatesigmund the Octopode Fighter began the quest for the Orb.
     0 | D:1      | Reached XP level 1. HP: 16/16 MP: 1/1
   151 | D:1      | Reached XP level 2. HP: 15/21 MP: 2/2
   418 | D:1      | Reached XP level 3. HP: 19/26 MP: 3/3
   943 | D:2      | HP: 1/26 [adder (2)]
   944 | D:2      | Gained mutation: You are dopey. (Int -2) [potion of mutation]
   944 | D:2      | Gained mutation: You are occasionally teleported next to monsters. [potion of mutation]
   944 | D:2      | Gained mutation: You are agile. (Dex +2) [potion of mutation]
   944 | D:2      | Gained mutation: You evolve. [potion of mutation]
   945 | D:2      | Succumbed to an adder's poison

Vault maps used:
D:1:      dpeg_arrival_brainrot, minmay_box_of_dots
D:2:      lemuel_upstairs_altar, hangedman_decor_points, kennysheep_doodads

Skill      XL: |  1  2 |
---------------+-------+-----
Maces & Flails | 3 |  3.4
Fighting       | |  3.4
Dodging        | |  3.0
Shields        | |  3.0

Action                   || total
-------------------------++-------
Melee: Flail             ||    48
       Constrict         ||     9
       Tentacles         ||     5
  Use: Scroll            ||     1
       Potion            ||     2
 Stab: Sleeping          ||     6
Armor: Skin              ||     1
Dodge: Dodged            ||    11
Block: Shield            ||    22

Table legend:
 A = Spawn XP
 B = Non-spawn XP
 C = Spawn XP percentage of total XP
 D = Spawn monster count
 E = Non-spawn monster count
 F = Spawn count percentage of total count
 G = Total turns spent on level
                    A         B        C        D         E        F      G
               +---------+---------+-------+---------+---------+-------+---------
         Total |       0 |      64 |   0.0 |       0 |      26 |   0.0 |   945
               +---------+---------+-------+---------+---------+-------+---------
           D:1 |       0 |      51 |   0.0 |       0 |      25 |   0.0 |   935
           D:2 |       0 |      13 |   0.0 |       0 |       1 |   0.0 |    10
               +---------+---------+-------+---------+---------+-------+---------
